AoeStats
← El Inka Chable

Arena

504127519Analyzed
2v2 RM · 27d ago on Sep 4, 2026· 47m 8s· 4 players
Game mode
Random Map
Map size
Medium (4 player)
Population
200
Speed
Normal
Resources
Standard
Victory
Conquest
Starting age
Dark Age
Ending age
Imperial Age
RankedLock teamsTeams togetherTeam positionsShared explorationLock speedFull tech treeHidden civsTurbo modeCheats
Victory
Defeat
🇺🇸 Britons · United States
870
+52
🇲🇽 Spanish · Mexico
870
+52
🇮🇳 Franks · India
975
-21
🇵🇪 Huns · Peru
929
-47
El Inka Chable
10:34 Feudal Age
11:50 Wheelbarrow
11:03 Double-Bit Axe
11:00 Horse Collar
20:03 Castle Age
20:11 Bloodlines
22:01 Husbandry
23:00 Bow Saw
23:21 Heavy Plow
23:46 Stone Mining
25:02 Gold Mining
28:19 Fervor
28:09 Light Cavalry
29:34 Hand Cart
32:38 Gold Shaft Mining
33:54 Forging
33:50 Scale Barding Armor
33:40 Loom
36:30 Imperial Age
37:28 Hussar
38:47 Iron Casting
38:33 Chain Barding Armor
40:07 Conscription
39:48 Murder Holes
40:14 Ballistics
40:55 Chemistry
39:49 Town Watch
41:12 Blast Furnace
40:03 Fletching
40:36 Town Patrol
42:28 Two-Man Saw
42:25 Plate Barding Armor
42:48 Loom
43:24 Devotion
43:54 Bodkin Arrow
明空
12:15 Feudal Age
13:17 Double-Bit Axe
13:39 Loom
16:45 Castle Age
18:06 Gold Mining
20:31 Forging
20:27 Scale Barding Armor
26:57 Iron Casting
26:43 Chain Barding Armor
28:58 Light Cavalry
OctopusBandit
11:27 Feudal Age
15:44 Castle Age
13:43 Double-Bit Axe
14:01 Horse Collar
14:45 Loom
16:40 Bow Saw
18:30 Heavy Plow
19:10 Gold Mining
21:09 Stone Mining
22:03 Wheelbarrow
23:36 Hand Cart
24:44 Light Cavalry
33:06 Imperial Age
36:04 Two-Man Saw
35:43 Gold Shaft Mining
35:18 Fletching
36:30 Town Watch
36:42 Bodkin Arrow
37:24 Bracer
37:25 Padded Archer Armor
37:50 Ballistics
38:31 Chemistry
37:43 Masonry
38:12 Town Patrol
38:39 Husbandry
39:15 Conscription
41:28 Warwolf
42:51 Yeomen
42:51 Scale Barding Armor
42:57 Forging
43:22 Architecture
42:34 Treadmill Crane
43:10 Siege Engineers
43:03 Murder Holes
44:27 Hoardings
TwoBit
12:05 Feudal Age
12:37 Double-Bit Axe
12:44 Gold Mining
12:37 Horse Collar
18:09 Castle Age
19:50 Wheelbarrow
19:41 Bow Saw
21:47 Stone Mining
22:00 Heavy Plow
26:48 Hand Cart
31:48 Scale Barding Armor
36:51 Imperial Age
34:59 Caravan
36:00 Chain Barding Armor
38:38 Chemistry
39:19 Two-Man Saw
38:57 Stone Shaft Mining
44:47 Elite Conquistador
Connection lost

Rejoining the realm…

Still unreachable

The connection could not be restored.

Session expired

The server has moved on; the page needs a fresh start.